 Dungeon Crawl Stone Soup version 0.25.0-41-g26779e291d (webtiles) character file.

Game seed: 12318572357742359937

150 Ethylacetat the Firebug (level 5, -1/31 HPs)
             Began as an Octopode Fire Elementalist on July 10, 2020.
             Killed from afar by an orc wizard (9 damage)
             ... with a magic dart
             ... on level 2 of the Dungeon.
             The game lasted 00:08:49 (2809 turns).

Ethylacetat the Firebug (OpFE)                      Turns: 2809, Time: 00:08:49

Health: -1/31      AC:  1    Str:  9    XL:     5   Next: 32%
Magic:  4/9        EV: 13    Int: 17    God:
Gold:   140        SH:  0    Dex: 12    Spells: 8/9 levels left

rFire    . . .     SeeInvis .   (no weapon)
rCold    . . .     Gourm    .   (no shield)
rNeg     . . .     Faith    .   (helmet restricted)
rPois    .         Spirit   .   (no amulet)
rElec    .         Reflect  .   (no ring)
rCorr    .         Harm     .   (no ring)
MR       .....                  (no ring)
Stlth    +++.......             (no ring)
HPRegen  0.10/turn              (no ring)
MPRegen  0.11/turn              (no ring)
                                (no ring)
                                (no ring)

@: very slightly contaminated
A: almost no armour, stealthy swim, amphibious, 8 rings, constrict 8, camouflage
1, gelatinous body 1
a: no special abilities


You were on level 2 of the Dungeon.
You were not hungry.

You visited 1 branch of the dungeon, and saw 3 of its levels.

You collected 140 gold pieces.

Inventory:

Jewellery
 d - a cursed -4 ring of dexterity {unknown}
Wands
 l - a wand of random effects (22)
Scrolls
 a - 3 scrolls of random uselessness {unknown}
 c - a scroll of identify {unknown}
 e - a scroll of immolation {unknown}
 g - a scroll of enchant weapon {unknown}
 h - 2 scrolls of amnesia {unknown}
Potions
 f - a potion of flight {unknown}
 i - a potion of magic {unknown}
 j - 3 potions of heal wounds {unknown}
 m - a potion of stabbing {unknown}
 n - a potion of berserk rage {unknown}
Comestibles
 b - 5 rations


   Skills:
 - Level 2.0 Dodging
 - Level 2.6 Stealth
 + Level 2.8 Spellcasting
 * Level 3.1 Conjurations
 * Level 4.3 Fire Magic


You had 8 spell levels left.
You knew the following spells:

 Your Spells              Type           Power        Failure   Level  Hunger
a - Foxfire               Conj/Fire      ###.         3%          1    #......

Your spell library contained the following spells:

 Spells                   Type           Power        Failure   Level  Hunger
 Conjure Flame            Conj/Fire      ###.....     12%         3    ###....
 Inner Flame              Hex/Fire       #.......     22%         3    ###....
 Sticky Flame             Conj/Fire      ###.....     36%         4    #####..
 Fireball                 Conj/Fire      ###.......   71%         5    ######.


Dungeon Overview and Level Annotations

Branches:
Dungeon (3/15)

Altars:
Trog


Innate Abilities, Weirdness & Mutations

You cannot wear most types of armour.
You are very stealthy in the water. (Stealth+)
You are amphibious.
You can wear up to eight rings at the same time.
You can use your tentacles to constrict eight enemies at once.
Your skin changes colour to match your surroundings (Stealth+).
Your rubbery body absorbs attacks. (AC +1, EV +1)


Message History

The orc wizard is severely wounded.
The orc priest mumbles some strange prayers to Beogh against you.
Beogh smites you! The orc wizard casts a spell at you. The magic dart hits you!
* * * LOW HITPOINT WARNING * * *
The orc closely misses you.
You climb upwards.
There is a stone staircase leading down here.
Casting: Foxfire (safe; 3% risk of failure)
Confirm with . or Enter, or press ? or * to list all spells.
You conjure some foxfire!
The orc wizard casts a spell.
The orc wizard seems to speed up.
Your foxfire dissipates!
The foxfire hits the orc wizard.
The orc wizard is severely wounded.
The orc wizard casts a spell at you. The magic dart hits you!
You die...

#.#####.#÷##.#...###
#.# #.#.........##
#.### #.####.#...##.
#...# #......##.##..
###.# ##......####..
#.# #......# #..
###.####......# ###.
#......#.)....###...
#.#@##.#........#.#.
#.#o##.#........#.#.
#...##.#.#.###..#.##
#.#.........[...#.#
#.#.##.#.#..#...#.#
#########
#.................#
###.......#
#...###.÷......####
.##.#####.# #####
#.#####.##
.##.#####.#
#.##....# ###


You could see an orc wizard (fast).

Vanquished Creatures
  A hound (D:2)
  5 adders
  2 worms (D:2)
  2 dart slugs (D:1)
  A leopard gecko (D:1)
  7 orcs
  6 giant cockroaches
  2 goblins
  6 hobgoblins
  2 jackals (D:2)
  2 ball pythons
  7 bats
  9 frilled lizards
  2 kobolds
  6 rats
60 creatures vanquished.

Vanquished Creatures (collateral kills)
  A frilled lizard (D:2)
1 creature vanquished.

Vanquished Creatures (others)
  171 foxfires
171 creatures vanquished.

Grand Total: 232 creatures vanquished

Notes
Turn   | Place    | Note
-------+----------+-------------------------------------------
     0 | D:1      | Ethylacetat the Octopode Fire Elementalist began the quest
                  | for the Orb.
     0 | D:1      | Reached XP level 1. HP: 11/11 MP: 3/3
   267 | D:1      | Reached XP level 2. HP: 17/17 MP: 1/5
   588 | D:1      | Reached XP level 3. HP: 21/21 MP: 0/6
  1601 | D:2      | Reached skill level 4 in Fire Magic
  1601 | D:2      | Reached XP level 4. HP: 16/27 MP: 1/7
  2274 | D:3      | Reached XP level 5. HP: 31/31 MP: 6/9
  2797 | D:3      | Found a bloodstained altar of Trog.
  2809 | D:2      | Killed from afar by an orc wizard

Illustrated notes

Levels and vault maps discovered:
D:1:      heliophobic_arrival_henge, layout_loops_ring, chequers_big_river
D:2:      layout_loops_cross, first_ration
D:3:      layout_loops_corners, old_standard_altar

Skill      XL: |  1  2  3  4  5 |
---------------+----------------+-----
Conjurations   | 2 3 |  3.1
Fire Magic     | 4 |  4.3
Dodging        | |  2.0
Stealth        | |  2.6
Spellcasting   | |  2.8

Action                   |  1- 3 |  4- 6 || total
-------------------------+-------+-------++-------
Melee: Unarmed           |     7 |       ||     7
       Tentacles         |     2 |       ||     2
       Constrict         |     1 |       ||     1
 Cast: Foxfire           |    61 |    54 ||   115
  Eat: Chunk             |     2 |     5 ||     7
Armor: Skin              |     5 |       ||     5
Dodge: Dodged            |    17 |     3 ||    20
